 Dungeon Crawl Stone Soup version 0.17-a0-2073-gde5cdba (webtiles) character file.

9636 brucemayne the Cleaver (level 11, -9/124 HPs)
             Began as a Demonspawn Berserker on Oct 15, 2015.
             Was an Elder of Trog.
             Killed from afar by an ice dragon (31 damage)
             ... with a blast of cold
             ... in an ice cave.
             The game lasted 00:15:31 (3134 turns).

brucemayne the Cleaver (Demonspawn Berserker)       Turns: 3134, Time: 00:15:32

Health: -9/124     AC: 17    Str: 26    XL:     11   Next: 25%
Magic:  0/11       EV:  7    Int:  8    God:    Trog [****..]
Gold:   171        SH:  0    Dex: 13    Spells: 0 memorised, 10 levels left

rFire  . . .     SeeInvis .     E - +0 war axe
rCold  . . .     Clarity  +     D - +0 plate armour
rNeg   + . .     SustAt   .     (no shield)
rPois  .         Gourm    .     (helmet restricted)
rElec  .         Spirit   +     (no cloak)
rCorr  .         Warding  .     (no gloves)
rMut   .         Stasis   .     h - +1 pair of boots
MR     ++...                    (no amulet)
Stlth  ..........               (no ring)
                                C - ring of positive energy

@: berserking, regenerating, very quick, very resistant to hostile enchantments,
extremely unstealthy
A: horns 1, molten scales 2, clarity, spiny 1, magic shield, MP-powered wands
a: Burn Spellbooks, Berserk, Trog's Hand, Brothers in Arms, Renounce Religion


You were in an ice cave.
You worshipped Trog.
Trog was greatly pleased with you.
You were not hungry.

You visited 2 branches of the dungeon, and saw 14 of its levels.
You also visited: Ice Cave.

You collected 231 gold pieces.
You spent 60 gold pieces at shops.

Inventory:

Hand Weapons
 a - a +0 hand axe
 q - a +0 whip of flaming
 y - a +1 hand axe of chopping
 E - a +0 war axe (weapon)
Missiles
 j - 26 poisoned needles
 k - 7 needles of frenzy
Armour
 b - a +0 animal skin
 h - a +1 pair of boots (worn)
 m - a +0 ring mail
 p - a +0 chain mail
 w - a +0 helmet
 D - a +0 plate armour (worn)
Jewellery
 C - a ring of positive energy (left hand)
Wands
 i - a wand of flame (48)
Scrolls
 f - a scroll of magic mapping
 g - 4 scrolls of remove curse
 l - 2 scrolls of identify
 n - a scroll of enchant armour
 o - a scroll of fear {unknown}
 t - a scroll of fog {unknown}
 v - a scroll of blinking {unknown}
 A - a scroll of random uselessness {unknown}
Potions
 e - a potion of ambrosia
 r - a potion of lignification
 u - 2 potions of brilliance
 F - a potion of might
Books
 G - a Necronomicon

   Spells                             Type                      Level
   a - Haunt                          Necromancy/Summoning         7
   b - Borgnjor's Revivification      Necromancy                   8
   c - Death's Door                   Charms/Necromancy            8
   d - Necromutation                  Transmutation/Necromancy     8
   Trog disapproves of the use of such an item.
Comestibles
 c - 4 bread rations
 B - a meat ration


   Skills:
 - Level 6.7 Fighting
 + Level 14.0 Axes
 - Level 5.5 Armour
 - Level 1.7 Dodging


You had 10 spell levels left.
You didn't know any spells.

Dungeon Overview and Level Annotations

Branches:
Dungeon (13/15)            Temple (1/1) D:5            Lair (0/8) D:11
    Orc: D:9-12      Vaults: D:13-14

Altars:
Ashenzari
Dithmenos
Elyvilon
Fedhas
Kikubaaqudgha
Makhleb
Nemelex Xobeh
Qazlal
Ru
Sif Muna
Trog
Vehumet
Xom
Yredelemnul
Zin
The Shining One

Shops:
D:12 *

Annotations:
IceCv exclusion: ice statue


Innate Abilities, Weirdness & Mutations

You have a pair of small horns on your head.
You are mostly covered in molten scales (AC +3, EV -1).
You are partially covered in sharp spines.
When hurt, damage is shared between your health and your magic reserves.
You possess an exceptional clarity of mind.
You expend magic power (3 MP) to strengthen your wands.


Message History

Your plate armour prevents you from hitting the ice dragon.
The ice dragon is moderately wounded.
Unknown command.
You hit the ice dragon. You headbutt the ice dragon.
You kill the ice dragon!
Trog accepts your kill.
Your Axes skill increases to level 14!
You slash the ice dragon!
The ice dragon is moderately wounded.
The ice dragon breathes frost at you. The blast of cold hits you!
* * * LOW HITPOINT WARNING * * *
You slice the ice dragon!!
The ice dragon is heavily wounded.
Unknown command.
You slash the ice dragon! You headbutt the ice dragon.
The ice dragon is severely wounded.
The ice dragon breathes frost at you. The blast of cold hits you!
You die...

########
#.D@...####
#.....#......##
......###.##...#
......
###..##### =....
#.##...# "$..$
#....#.## #$$$
##.###..## ####
### ##..####
##....##


You could see an ice dragon.

Vanquished Creatures
  Maud (D:10)
  Erolcha (D:10)
  An ice dragon (IceCv)
  An ice statue (IceCv)
  Pikel (D:5)
  Joseph (D:8)
  A gargoyle (D:10)
  2 polar bears (D:12)
  A deep elf mage (D:12)
  2 hippogriffs
  A hog (D:12)
  A hungry ghost (D:8)
  A wolf (D:12)
  2 phantoms (D:5)
  2 sky beasts
  2 slaves
  3 ogres
  2 orc warriors (D:12)
  19 ice beasts
  2 big kobolds
  3 giant frogs
  Blork the orc (D:5)
  A wyvern zombie (D:12)
  A scorpion (D:9)
  8 killer bees
  2 iguanas
  A crimson imp (D:8)
  A jelly (D:10)
  5 hounds
  3 orc priests
  3 worker ants
  4 orc wizards
  The ghost of ololoev the Chopper, a weakling HOBe of Trog (D:3)
  A gnoll (D:2)
  A shadow imp (D:5)
  A white imp (D:12)
  9 adders
  An ufetubus (D:12)
  4 giant geckos
  30 orcs
  6 hobgoblins
  7 jackals
  8 kobolds
  A quokka (D:12)
  A ball python (D:3)
  2 bats
  7 giant newts
  2 rats
162 creatures vanquished.

Vanquished Creatures (others)
  A quokka (D:5)
1 creature vanquished.

Grand Total: 163 creatures vanquished

Notes
Turn   | Place    | Note
--------------------------------------------------------------
     0 | D:1      | brucemayne the Demonspawn Berserker began the quest for the Orb.
     0 | D:1      | Reached XP level 1. HP: 18/18 MP: 1/1
   237 | D:2      | Gained mutation: You are partially covered in sharp spines. [demonic ancestry]
   237 | D:2      | Reached XP level 2. HP: 16/24 MP: 2/2
   298 | D:2      | Reached XP level 3. HP: 9/29 MP: 3/3
   328 | D:2      | Reached skill level 4 in Axes
   513 | D:2      | Reached ** piety under Trog
   616 | D:3      | Noticed ololoev's ghost (weakling HOBe)
   634 | D:3      | Killed ololoev's ghost
   634 | D:3      | Reached XP level 4. HP: 32/35 MP: 4/4
   762 | D:4      | Reached skill level 5 in Axes
   805 | D:5      | Entered Level 5 of the Dungeon
   814 | D:5      | Found a staircase to the Ecumenical Temple.
   820 | Temple   | Entered the Ecumenical Temple
   854 | D:5      | Noticed a giant frog
   855 | D:5      | Noticed a slave
   856 | D:5      | Noticed a slave
   858 | D:5      | Noticed a slave
   866 | D:5      | Killed a giant frog
   866 | D:5      | Gained mutation: You are partially covered in molten scales (AC +1). [demonic ancestry]
   866 | D:5      | Reached XP level 5. HP: 22/41 MP: 5/5
   875 | D:4      | Found a glowing golden altar of the Shining One.
   882 | D:4      | Killed a slave
   953 | D:5      | Killed a slave
   964 | D:5      | Noticed Pikel
   965 | D:5      | Noticed a slave
   984 | D:5      | Killed Pikel
   984 | D:5      | Reached skill level 7 in Axes
   984 | D:5      | Gained mutation: You are mostly covered in molten scales (AC +3, EV -1). [demonic ancestry]
   984 | D:5      | Reached XP level 6. HP: 35/47 MP: 6/6
   984 | D:5      | Gained mutation: You have a pair of small horns on your head. [demonic ancestry]
   984 | D:5      | Reached XP level 7. HP: 39/52 MP: 7/7
  1003 | D:5      | Noticed a phantom
  1021 | D:5      | Killed a phantom
  1021 | D:5      | Reached skill level 8 in Axes
  1065 | D:5      | Noticed a hippogriff
  1076 | D:5      | Killed a hippogriff
  1166 | D:5      | Noticed a phantom
  1175 | D:5      | Gained mutation: When hurt, damage is shared between your health and your magic reserves. [demonic ancestry]
  1175 | D:5      | Reached XP level 8. HP: 26/58 MP: 8/8
  1176 | D:5      | Killed a phantom
  1176 | D:5      | Reached skill level 9 in Axes
  1288 | D:5      | Noticed Blork the orc
  1303 | D:5      | Killed Blork the orc
  1535 | D:7      | Reached *** piety under Trog
  1542 | D:7      | Reached skill level 10 in Axes
  1715 | D:7      | Found a bloodstained altar of Trog.
  1748 | D:7      | Gained mutation: You expend magic power (3 MP) to strengthen your wands. [mutagenic meat]
  1750 | D:7      | Gained mutation: You possess an exceptional clarity of mind. [mutagenic meat]
  1767 | D:7      | Found a shadowy altar of Dithmenos.
  1767 | D:7      | Found a basalt altar of Yredelemnul.
  1834 | D:8      | Noticed Joseph
  1848 | D:8      | Killed Joseph
  1848 | D:8      | Reached XP level 9. HP: 33/66 MP: 3/9
  1910 | D:8      | Found a sparkling altar of Nemelex Xobeh.
  1926 | D:8      | Reached skill level 5 in Fighting
  1996 | D:9      | Reached **** piety under Trog
  2040 | D:10     | Entered Level 10 of the Dungeon
  2047 | D:10     | Noticed Maud
  2150 | D:10     | Killed Maud
  2150 | D:10     | Reached skill level 11 in Axes
  2150 | D:10     | Reached skill level 5 in Armour
  2150 | D:10     | Reached XP level 10. HP: 37/77 MP: 4/10
  2197 | D:10     | Noticed a gargoyle
  2217 | D:10     | Killed a gargoyle
  2259 | D:10     | Noticed Erolcha
  2271 | D:10     | Killed Erolcha
  2271 | D:10     | Reached skill level 12 in Axes
  2451 | D:11     | Found a staircase to the Lair.
  2712 | D:12     | Found Maer's General Store.
  2720 | D:12     | Bought a potion of might for 60 gold pieces
  2749 | D:12     | Reached skill level 13 in Axes
  2819 | D:12     | Found a frozen archway.
  2823 | IceCv    | Entered an ice cave
  2885 | IceCv    | Reached XP level 11. HP: 49/83 MP: 7/11
  2985 | IceCv    | Noticed an ice statue
  2985 | IceCv    | Noticed an ice statue
  3021 | IceCv    | Killed an ice statue
  3117 | IceCv    | Noticed an ice dragon
  3117 | IceCv    | Noticed an ice dragon
  3132 | IceCv    | Killed an ice dragon
  3132 | IceCv    | Reached skill level 14 in Axes
  3134 | IceCv    | Killed from afar by an ice dragon

Vault maps used:
D:1:      onia_arrival_mini_maze_b, grunt_decor_mini_mirrors, hex_medium,
          roderic_serpentine_path, hangedman_decor_push,
          kennysheep_another_room, minivault_11
D:2:      first_bread, solitary_fountain, uniq_natasha
D:3:      ecumenical_altar_2
D:4:      lemuel_crystal_altar
D:5:      minmay_temple_entry_fiery, uniq_pikel, uniq_blork_the_orc
D:6:      serial_park_tiny_1
D:7:      gammafunk_temple_overflow_elements, kennysheep_little_box,
          serial_shops, kennysheep_mini, kennysheep_opposing_triangles
D:8:      nemelex_xobeh_ov_fountains_minmay, basic_altar, uniq_joseph
D:9:      okawaru_ov_weapons_minmay, david_nohive_1
D:10:     hiddenorc2_lemuel, uniq_maud, uniq_erolcha
D:11:     minmay_twisted_water, lair_0_dummy, enter_trove_0, spider_trap,
          nrook_uturn
D:12:     kennysheep_four_of_diamonds, serial_shops, shop, serial_ice,
          serial_ice_o, serial_ice_l, serial_ice_a, serial_ice_h, serial_ice_d,
          serial_ice_n, portal_ice_cave_entry_pillars_03
D:13:     grunt_vaults_entry_tiered, serial_shops, nicolae_shop_crystal,
          st_stairs_9, uniq_kirke, uniq_maurice, uniq_snorg
Temple:   circular_temple_13
IceCv:    ice_cave_small_dragons

Action                   |  1- 3 |  4- 6 |  7- 9 | 10-12 || total
-------------------------+-------+-------+-------+-------++-------
Melee: Hand axe          |    45 |    36 |   209 |   110 ||   400
       War axe           |       |       |       |    87 ||    87
Invok: Berserk           |     4 |     3 |     4 |     7 ||    18
       Trog's Hand       |       |     2 |     4 |     6 ||    12
Evoke: Wand              |       |       |     1 |       ||     1
  Use: Scroll            |       |       |       |     7 ||     7
       Potion            |       |       |       |     3 ||     3
 Stab: Sleeping          |     1 |       |       |       ||     1
  Eat: Chunk             |     2 |     5 |    10 |    11 ||    28
       Royal jelly       |       |       |     1 |       ||     1
       Beef jerky        |       |       |       |     1 ||     1
